 Dungeon Crawl Stone Soup version 0.22-a0-374-g5dfd9e3 (webtiles) character file.

13395 Danielmont the Carver (level 11, -7/94 HPs)
             Began as a Centaur Fighter on Apr 26, 2018.
             Was a High Priest of Okawaru.
             Mangled by an orc warrior
             ... wielding a +0 flail
              (15 damage)
             ... on level 2 of the Orcish Mines.
             The game lasted 02:03:46 (21235 turns).

Danielmont the Carver (Centaur Fighter)            Turns: 21235, Time: 02:03:47

Health: -7/94      AC: 18    Str: 24    XL:     11   Next: 75%
Magic:  0/11       EV:  5    Int:  7    God:    Okawaru [*****.]
Gold:   1139       SH: 10    Dex:  9    Spells: 10/10 levels left

rFire    . . .     SeeInvis .   a - +3 long sword
rCold    . . .     Gourm    .   c - +0 shield
rNeg     . . .     Faith    .   t - +0 plate armour
rPois    .         Spirit   +   j - +0 helmet
rElec    .         Reflect  .   w - scarf {Spirit}
rCorr    +         Harm     .   (no gloves)
MR       .....                  n - +1 centaur barding
Stlth    ..........             (no amulet)
HPRegen  0.25/turn              g - ring of resist corrosion
MPRegen  0.12/turn              (no ring)

@: very quick
A: large, hooves 3, repulsion field 1, deformed body, speed 2, mutation
resistance 1, strong 1, tough skin 3
a: Heroism, Finesse, Renounce Religion


You were on level 2 of the Orcish Mines.
You worshipped Okawaru.
Okawaru was extremely pleased with you.
You were not hungry.

You visited 4 branches of the dungeon, and saw 13 of its levels.

You collected 1265 gold pieces.
You spent 126 gold pieces at shops.

Inventory:

Hand Weapons
 a - a +3 long sword (weapon)
 v - the +1 hand crossbow of Disaster {elec, rPois MR+}
   (Okawaru gifted it to you on level 9 of the Dungeon)

   It charges the ammunition it shoots with electricity; occasionally upon a
   hit, such missiles may discharge and cause terrible harm.
   It protects you from poison.
   It affects your resistance to hostile enchantments.
Missiles
 y - 101 bolts
 A - 8 tomahawks (quivered)
Armour
 c - a +0 shield (worn)
 j - a +0 helmet (worn)
 n - a +1 centaur barding (worn)
 t - a +0 plate armour (worn)
 w - a scarf of spirit shield (worn)
Jewellery
 g - a ring of resist corrosion (left hand)
Wands
 m - a wand of polymorph (20)
 o - a wand of random effects (14)
 p - a wand of clouds (6)
Scrolls
 b - 2 scrolls of identify
 d - 4 scrolls of magic mapping
 h - 4 scrolls of teleportation
 k - 5 scrolls of remove curse
 u - 3 scrolls of immolation
 x - a scroll of fear {unknown}
 z - a scroll of acquirement {unknown}
Potions
 e - 2 potions of degeneration
 i - a potion of berserk rage
 l - a potion of invisibility
 r - 3 potions of brilliance {unknown}
 s - a potion of might
 B - a potion of heal wounds
Comestibles
 f - 11 rations


   Skills:
 + Level 8.0 Fighting
 + Level 10.0 Long Blades
 + Level 2.6 Crossbows
 - Level 4.7 Throwing
 + Level 7.3 Armour
 + Level 3.4 Dodging
 + Level 1.7 Stealth
 + Level 6.2 Shields


You had 10 spell levels left.
You didn't know any spells.

Dungeon Overview and Level Annotations

Branches:
Dungeon (9/15)             Temple (1/1) D:5            Lair (1/6) D:9
    Orc (2/2) D:9
    Elf: Orc:2

Altars:
Ashenzari
Cheibriados
Dithmenos
Elyvilon
Fedhas
Gozag
Hepliaklqana
Kikubaaqudgha
Makhleb
Nemelex Xobeh
Okawaru
Qazlal
Ru
Sif Muna
Trog
Uskayaw
Vehumet
Wu Jian
Xom
Yredelemnul
Zin
The Shining One
Beogh

Shops:
D:7 !   Orc:1 [

Annotations:
Lair:1 exclusion: 2 oklob plants
Orc:1 1 runed door, exclusion: 4 orange crystal statues


Innate Abilities, Weirdness & Mutations

You have hooves in place of feet.
Armour fits poorly on your strangely shaped body.
You cover ground very quickly.
You have extremely tough skin. (AC +3)
You are surrounded by a mild repulsion field. (EV +2)
You are somewhat resistant to further mutation.
Your muscles are strong. (Str +2)


Message History

The orc knight is heavily wounded.
You block the orc knight's attack.
You slash the orc knight!
The orc knight is severely wounded.
The orc knight hits you with a halberd. You block the orc warrior's attack.
The orc priest casts a cantrip, but nothing happens.
The orc knight roars a battlecry!
The orc knight goes into a battle-frenzy!
You hit the orc knight but do no damage.
Your kick misses the orc knight.
The orc knight is severely wounded.
The orc knight hits you with a halberd!!
The orc warrior hits you but does no damage.
The orc priest calls upon Beogh to heal the orc knight.
The orc knight is healed somewhat.
The orc knight hits you with an enchanted arbalest!!
The orc knight hits you with a halberd!!
* * * LOW HITPOINT WARNING * * *
The orc warrior hits you with a flail!
You die...

..............[....#...........#.
....................#.........#..
#..............................#
###..............................
##.....................#....#....
.##......#.......................
...##...##...<...............#...
............o.[o.........#.....##
...........[o[)o@[[.....###....
..............[o.[.............
......[.....[..)[.............
...........(.[(.)..........#..
....#.........................
..............(............##.
############################
####### ###.....###


You could see 2 orc knights, an orc warrior and 2 orc priests.

Vanquished Creatures
  Harold (D:9)
  Erica (D:8)
  2 two-headed ogres (D:8)
  2 orc knights (Orc:2)
  An orc sorcerer (Orc:2)
  The ghost of drugrobin the Bolt Thrower, a novice DgHu (D:5)
  2 komodo dragons (Lair:1)
  4 trolls
  2 hippogriffs
  Sigmund (D:2)
  2 wyverns
  A hungry ghost (D:9)
  4 yaks (Lair:1)
  Eustachio (D:6)
  2 wargs (Orc:1)
  A water moccasin (Lair:1)
  2 porcupines (Lair:1)
  3 sky beasts
  A swamp drake (D:9)
  17 orc warriors
  An ice beast (D:6)
  2 phantoms
  3 ogres
  A centaur (D:7)
  6 crocodiles
  4 bullfrogs
  6 scorpions
  9 wights
  2 howler monkeys
  4 crimson imps
  A bullfrog zombie (D:6)
  A hound (D:5)
  A quasit (D:7)
  20 orc priests
  A centaur skeleton (D:8)
  Jessica (D:3)
  An iguana (D:5)
  7 orc wizards
  8 worker ants
  2 hound skeletons
  A worker ant zombie (D:6)
  4 gnolls (Orc:2)
  14 adders
  2 shadow imps
  2 oozes
  An adder zombie (D:7)
  2 adder skeletons
  5 worms
  A dart slug (D:1)
  4 leopard geckos
  68 orcs
  A ball python (D:2)
  4 giant cockroaches
  9 goblins
  7 hobgoblins
  13 jackals
  3 kobolds
  2 quokkas
  6 bats
  7 frilled lizards
  7 rats
  A fungus (Lair:1)
296 creatures vanquished.

Vanquished Creatures (others)
  A fungus (Lair:1)
  A plant (Lair:1)
2 creatures vanquished.

Grand Total: 298 creatures vanquished

Notes
Turn   | Place    | Note
-------+----------+-------------------------------------------
     0 | D:1      | Danielmont the Centaur Fighter began the quest for the Orb.
     0 | D:1      | Reached XP level 1. HP: 19/19 MP: 1/1
    49 | D:1      | Reached XP level 2. HP: 24/26 MP: 2/2
   785 | D:2      | Noticed Sigmund
  1047 | D:2      | Reached XP level 3. HP: 31/31 MP: 3/3
  1068 | D:2      | Reached skill level 2 in Long Blades
  1339 | D:2      | Reached XP level 4. HP: 26/38 MP: 4/4
  2770 | D:3      | Noticed Jessica
  2780 | D:3      | Killed Jessica
  2780 | D:3      | Reached skill level 3 in Long Blades
  2780 | D:3      | Reached XP level 5. HP: 25/45 MP: 5/5
  3777 | D:2      | Killed Sigmund
  3777 | D:2      | Reached skill level 1 in Dodging
  3777 | D:2      | Reached XP level 6. HP: 40/52 MP: 6/6
  3879 | D:4      | Reached skill level 4 in Long Blades
  3998 | D:4      | Reached XP level 7. HP: 56/58 MP: 7/7
  4394 | D:5      | Entered Level 5 of the Dungeon
  4931 | D:4      | Reached skill level 5 in Long Blades
  5195 | D:4      | Found an opulent altar of Gozag.
  5337 | D:5      | Found a staircase to the Ecumenical Temple.
  5382 | D:5      | Reached skill level 1 in Throwing
  5609 | D:5      | Reached XP level 8. HP: 55/66 MP: 8/8
  5622 | Temple   | Entered the Ecumenical Temple
  5697 | Temple   | Became a worshipper of Warmaster Okawaru
  5921 | D:5      | Noticed drugrobin's ghost (novice DgHu)
  6433 | D:5      | Found an ornate altar of the Wu Jian Council.
  6434 | D:5      | Found a sacrificial altar of Ru.
  7038 | D:6      | Found a bloodstained altar of Trog.
  7260 | D:5      | Reached skill level 6 in Long Blades
  7274 | D:5      | Reached * piety under Okawaru
  7675 | D:6      | Found a sparkling altar of Nemelex Xobeh.
  7704 | D:6      | Noticed Eustachio
  7706 | D:6      | Found a snail-covered altar of Cheibriados.
  7806 | D:6      | Killed Eustachio
  7806 | D:6      | Reached skill level 5 in Fighting
  8336 | D:6      | Reached XP level 9. HP: 57/74 MP: 9/9
  9043 | D:5      | Killed drugrobin's ghost
  9389 | D:7      | Reached ** piety under Okawaru
  9428 | D:7      | Reached skill level 7 in Long Blades
  9428 | D:7      | Reached skill level 5 in Armour
 10202 | D:7      | Found Jith's Distillery.
 10517 | D:8      | Gained mutation: Your muscles are strong. (Str +2) [potion of mutation]
 10517 | D:8      | Gained mutation: You are surrounded by a mild repulsion field. (EV +2) [potion of mutation]
 10517 | D:8      | Gained mutation: You are somewhat resistant to further mutation. [potion of mutation]
 10672 | D:8      | Noticed Erica
 10679 | D:8      | Killed Erica
 10679 | D:8      | Reached *** piety under Okawaru
 10679 | D:8      | Reached skill level 5 in Shields
 10679 | D:8      | Reached XP level 10. HP: 51/84 MP: 10/10
 11185 | D:8      | Noticed a two-headed ogre
 11192 | D:8      | Killed a two-headed ogre
 11192 | D:8      | Reached skill level 8 in Long Blades
 11650 | D:8      | Noticed a two-headed ogre
 11658 | D:8      | Killed a two-headed ogre
 11658 | D:8      | Reached **** piety under Okawaru
 11658 | D:8      | Reached skill level 1 in Stealth
 11874 | D:9      | Found a staircase to the Orcish Mines.
 11895 | D:9      | Found a roughly hewn altar of Beogh.
 12431 | Orc:1    | Entered Level 1 of the Orcish Mines
 12497 | Orc:1    | Noticed Harold
 12795 | D:9      | Found an opulent altar of Gozag.
 13436 | Orc:1    | Found Qeicer's Armour Shop.
 13468 | Orc:1    | HP: 2/86 [orc priest/divine providence (8)]
 14708 | D:9      | Killed Harold
 14708 | D:9      | Reached ***** piety under Okawaru
 14708 | D:9      | Received a gift from Okawaru
 14716 | D:9      | Got an ichor-stained hand crossbow {god gift}
 14994 | D:9      | Reached XP level 11. HP: 43/92 MP: 11/11
 15249 | Orc:1    | Bought a scarf of spirit shield for 126 gold pieces
 15319 | Orc:1    | Found a runed door.
 15343 | Orc:1    | Found the +10 large shield of Ignorance {rN+ Int-4}
 15399 | Orc:1    | Found a runed door.
 15406 | Orc:1    | Noticed an orange crystal statue
 15406 | Orc:1    | Noticed an orange crystal statue
 15406 | Orc:1    | Noticed an orange crystal statue
 15406 | Orc:1    | Noticed an orange crystal statue
 15715 | Orc:1    | Reached skill level 9 in Long Blades
 16468 | D:9      | Found a staircase to the Lair.
 16758 | Lair:1   | Entered Level 1 of the Lair of Beasts
 17999 | Lair:1   | Noticed an oklob plant
 17999 | Lair:1   | Noticed an oklob plant
 18326 | Orc:2    | Entered Level 2 of the Orcish Mines
 18326 | Orc:2    | Noticed an orc sorcerer
 18340 | Orc:2    | Killed an orc sorcerer
 18487 | Orc:1    | Identified the +1 hand crossbow of Disaster {elec, rPois MR+} (Okawaru gifted it to you on level 9 of the Dungeon)
 19387 | Orc:2    | Reached skill level 1 in Crossbows
 19488 | Orc:2    | Noticed an orc knight
 19488 | Orc:2    | Noticed an orc knight
 19941 | Orc:2    | Killed an orc knight
 19955 | Orc:2    | Killed an orc knight
 19955 | Orc:2    | Received a gift from Okawaru
 20595 | Orc:2    | Noticed an orc knight
 20597 | Orc:2    | Noticed an orc knight
 20598 | Orc:2    | Noticed an orc knight
 20598 | Orc:2    | Noticed an orc high priest
 20625 | Orc:2    | Reached skill level 10 in Long Blades
 21235 | Orc:2    | Mangled by an orc warrior

Vault maps used:
D:1:      saegor_arrival_simple_e
D:2:      cheibrodos_pilgrimage, uniq_sigmund
D:3:      uniq_jessica
D:4:      nicolae_gozag_cash_rules_everything_around_me
D:5:      gammafunk_temple_overflow_statue, minmay_temple_entry_enclosed_plants,
          first_ration
D:6:      nemelex_xobeh_ov_fountains_minmay, lemuel_crystal_altar,
          cheibriados_altar_1, uniq_eustachio
D:7:      serial_shops, shop
D:8:      uniq_erica
D:9:      lemuel_crystal_altar, erik_lair_dragon, minmay_orc_entry_temple_small
Temple:   nicolae_temple_x_marks_the_god
Lair:1:   lemuel_fruit_fields, grunt_megastairs_1, minmay_lair_oklob_chamber,
          lemuel_fruit_fields
Orc:1:    serial_shops, shop, chequers_guarded_unrand_ignorance, uniq_harold
Orc:2:    st_orc_pillars, nicolae_orc_sculptors_studio, nicolae_orc_rockfall,
          elf_legates

Skill      XL: |  1  2  3  4  5  6  7  8  9 10 11 |
---------------+----------------------------------+-----
Long Blades    | 2 3 4 5 6 7 8 10 | 10.0
Armour         | 3 4 5 6 7 |  7.3
Dodging        | 1 2 3 |  3.4
Shields        | 3 4 5 6 |  6.2
Fighting       | 4 5 6 7 8 |  8.0
Throwing       | 1 2 3 4 |  4.7
Stealth        | 1 |  1.7
Crossbows      | 2 |  2.6

Action                   |  1- 3 |  4- 6 |  7- 9 | 10-12 || total
-------------------------+-------+-------+-------+-------++-------
Melee: Long sword        |    68 |   193 |   472 |   540 ||  1273
       Kick              |    19 |    32 |   111 |   163 ||   325
 Fire: Hand crossbow     |       |       |       |    43 ||    43
Throw: Tomahawk          |       |       |    72 |    64 ||   136
       Throwing net      |       |       |       |     1 ||     1
  Use: Scroll            |     5 |    10 |     6 |     1 ||    22
       Potion            |       |     3 |     8 |     1 ||    12
  Eat: Chunk             |     1 |     2 |     3 |    11 ||    17
       Ration            |       |     2 |     4 |     6 ||    12
Armor: Scale mail        |    28 |    94 |   293 |    30 ||   445
       Plate armour      |       |       |       |   227 ||   227
Dodge: Dodged            |    12 |    35 |    73 |    81 ||   201
Block: Shield            |    26 |    77 |   202 |   283 ||   588
       Rpst.: Long sword |     6 |     8 |    16 |    22 ||    52

Table legend:
 A = Spawn XP
 B = Non-spawn XP
 C = Spawn XP percentage of total XP
 D = Spawn monster count
 E = Non-spawn monster count
 F = Spawn count percentage of total count
 G = Total turns spent on level
                    A         B        C        D         E        F      G
               +---------+---------+-------+---------+---------+-------+---------
         Total |       0 |   19137 |   0.0 |       0 |     295 |   0.0 | 21235
               +---------+---------+-------+---------+---------+-------+---------
           D:1 |       0 |      26 |   0.0 |       0 |      16 |   0.0 |  1461
           D:2 |       0 |     381 |   0.0 |       0 |      39 |   0.0 |  1246
           D:3 |       0 |      72 |   0.0 |       0 |      14 |   0.0 |  1152
           D:4 |       0 |     630 |   0.0 |       0 |      17 |   0.0 |  1406
           D:5 |       0 |    1601 |   0.0 |       0 |      32 |   0.0 |  2373
           D:6 |       0 |     666 |   0.0 |       0 |      14 |   0.0 |  1498
           D:7 |       0 |    1134 |   0.0 |       0 |      29 |   0.0 |  1184
           D:8 |       0 |    3570 |   0.0 |       0 |      23 |   0.0 |  2517
           D:9 |       0 |    2937 |   0.0 |       0 |      20 |   0.0 |  3026
        Lair:1 |       0 |    2663 |   0.0 |       0 |      14 |   0.0 |  1319
         Orc:1 |       0 |    1737 |   0.0 |       0 |      20 |   0.0 |  2884
         Orc:2 |       0 |    3720 |   0.0 |       0 |      57 |   0.0 |  1062
               +---------+---------+-------+---------+---------+-------+---------
